AoeStats
← Cóndor 46

Arena

505544077Analyzed
1v1 RM · 21d ago on Sep 9, 2026· 53m 31s· 2 players
Game mode
Random Map
Map size
Tiny (2 player)
Population
200
Speed
Normal
Resources
Standard
Victory
Conquest
Starting age
Dark Age
Ending age
Imperial Age
RankedLock teamsTeams togetherTeam positionsShared explorationLock speedFull tech treeHidden civsTurbo modeCheats
Victory
Defeat
🇹🇼 Franks · Taiwan
857
+14
🇦🇷 Burgundians · Argentina
815
-14
Cóndor 46
5:59 Double-Bit Axe
7:07 Horse Collar
10:19 Loom
12:41 Feudal Age
12:35 Wheelbarrow
13:52 Bow Saw
13:54 Heavy Plow
19:56 Castle Age
18:35 Gold Mining
23:10 Light Cavalry
24:06 Scale Barding Armor
25:20 Burgundian Vineyards
28:08 Two-Man Saw
29:16 Fletching
30:00 Herbal Medicine
34:36 Redemption
35:02 Sanctity
34:58 Fervor
37:06 Crop Rotation
39:50 Imperial Age
38:00 Forging
42:44 Iron Casting
42:22 Scale Mail Armor
42:44 Chain Barding Armor
43:41 Ballistics
44:25 Chemistry
46:18 Blast Furnace
45:54 Plate Barding Armor
47:25 Gold Shaft Mining
柴柴LuLu
12:22 Feudal Age
11:38 Loom
16:31 Castle Age
15:21 Stone Mining
15:49 Fletching
17:33 Bodkin Arrow
26:19 Ballistics
33:45 Double-Bit Axe
36:18 Wheelbarrow
36:03 Gold Mining
37:28 Hand Cart
39:05 Gold Shaft Mining
42:17 Imperial Age
40:06 Bow Saw
40:09 Scale Barding Armor
40:14 Forging
40:26 Masonry
40:53 Husbandry
40:14 Light Cavalry
43:05 Chain Barding Armor
43:21 Iron Casting
42:48 Scale Mail Armor
42:39 Town Watch
42:31 Cavalier
44:22 Chemistry
43:53 Architecture
43:21 Murder Holes
45:02 Plate Barding Armor
45:24 Conscription
45:08 Chivalry
45:47 Hoardings
44:38 Paladin
47:23 Blast Furnace
46:40 Chain Mail Armor
47:59 Squires
47:20 Pikeman
47:47 Arson
50:14 Plate Mail Armor
50:33 Halberdier
Connection lost

Rejoining the realm…

Still unreachable

The connection could not be restored.

Session expired

The server has moved on; the page needs a fresh start.